AoeStats
← LuisSW

Arena

510002433Analyzed
2v2 RM · 3d ago on Sep 29, 2026· 56m 43s· 4 players
Game mode
Random Map
Map size
Medium (4 player)
Population
200
Speed
Normal
Resources
Standard
Victory
Conquest
Starting age
Dark Age
Ending age
Imperial Age
RankedLock teamsTeams togetherTeam positionsShared explorationLock speedFull tech treeHidden civsTurbo modeCheats
Victory
Defeat
🇺🇸 Turks · United States
974
+13
🇲🇽 Teutons · Mexico
826
+19
🇨🇱 Malians · Chile
908
-16
🇨🇱 Ethiopians · Chile
895
-16
MuffledViolento
0:26 Loom
15:05 Feudal Age
21:12 Castle Age
21:23 Pikeman
26:12 Double-Bit Axe
28:38 Bow Saw
32:46 Ballistics
34:39 Scale Mail Armor
34:51 Forging
37:56 Gold Mining
37:59 Stone Mining
chefmeza
13:21 Feudal Age
17:20 Castle Age
15:35 Gold Mining
15:54 Double-Bit Axe
16:16 Horse Collar
21:32 Imperial Age
34:28 Bow Saw
dameoroSW
3:18 Loom
10:21 Feudal Age
15:32 Castle Age
13:57 Double-Bit Axe
15:33 Forging
25:24 Scale Mail Armor
30:16 Chain Mail Armor
33:16 Horse Collar
35:18 Wheelbarrow
36:18 Iron Casting
36:23 Bloodlines
42:04 Imperial Age
53:23 Conscription
53:14 Heavy Plow
53:08 Light Cavalry
54:11 Husbandry
54:44 Farimba
LuisSW
0:32 Loom
11:15 Feudal Age
17:59 Castle Age
19:18 Squires
19:04 Arson
20:54 Double-Bit Axe
20:49 Crossbowman
24:18 Thumb Ring
26:16 Forging
30:48 Iron Casting
30:04 Fletching
30:15 Padded Archer Armor
36:30 Imperial Age
37:04 Arbalester
40:38 Elite Shotel Warrior
45:07 Chemistry
44:27 Ballistics
44:05 Horse Collar
Connection lost

Rejoining the realm…

Still unreachable

The connection could not be restored.

Session expired

The server has moved on; the page needs a fresh start.